Map: Temple gelé

Players

PtitDoudoux - Winner!

  • Race: Protoss Protoss
  • Spawn Location: 11:00

zidar

  • Race: Zerg Zerg
  • League: Gold
  • Spawn Location: 5:00

VOD

Have the link to the VOD?

Description

Time

  • Played on: May 14, 2016, 8:45 a.m.
  • Length: 11:48
Show
View Real Time Build Order
Export as new Build Order

PtitDoudoux Protoss - Winner!

Build Orders:  

Get SALT Encoding   

  12  0:02  Probe (Chrono Boost)  
  13  0:13  Pylon  
  13  0:18  Probe (Chrono Boost)  
  15  0:28  Probe (Chrono Boost)  
  15  0:39  Probe (Chrono Boost)  
  16  0:42  Gateway  
  16  0:49  Probe (Chrono Boost), Assimilator  
  17  1:05  Probe (Chrono Boost)  
  18  1:15  Probe (Chrono Boost)  
  18  1:16  Pylon  
  19  1:26  Probe (Chrono Boost)  
  20  1:36  Probe (Chrono Boost)  
  21  1:42  Cybernetics Core  
  21  1:51  Pylon  
  21  2:10  Nexus, Zealot (Chrono Boost)  
  21  2:13  Pylon  
  21  2:15  Probe (Chrono Boost)  
  24  2:27  Probe  
  24  2:32  Assimilator  
  24  2:34  Adept (Chrono Boost)  
  26  2:47  Probe  
  26  2:48  Gateway  
  27  3:01  Adept (Chrono Boost)  
  27  3:03  Warp Gate  
  30  3:07  Probe  
  31  3:22  Mothership Core  
  31  3:23  Probe  
  31  3:34  Probe  
  29  3:43  Probe  
  29  3:44  Stalker (Chrono Boost)  
  29  3:45  Probe  
  33  3:55  Probe x2  
  35  4:06  Probe  
  35  4:07  Probe  
  37  4:16  Probe  
  37  4:19  Probe  
  39  4:24  Assimilator  
  39  4:26  Assimilator  
  39  4:27  Probe  
  40  4:32  Probe  
  40  4:37  Probe  
  41  4:44  Probe (Chrono Boost)  
  45  4:49  Probe (Chrono Boost)  
  46  4:59  Probe (Chrono Boost)  
  47  5:00  Probe (Chrono Boost)  
  47  5:06  Pylon  
  46  5:10  Probe (Chrono Boost)  
  46  5:11  Probe (Chrono Boost)  
  48  5:16  Gateway  
  48  5:18  Gateway  
  48  5:20  Probe (Chrono Boost)  
  50  5:21  Probe (Chrono Boost)  
  50  5:31  Probe (Chrono Boost)  
  50  5:32  Probe (Chrono Boost)  
  50  5:34  Gateway  
  52  5:36  Gateway  
  52  5:37  Gateway  
  52  5:38  Gateway  
  52  5:41  Gateway, Probe (Chrono Boost)  
  52  5:42  Pylon  
  53  5:59  Pylon x2  
  53  6:09  Forge  
  53  6:10  Forge  
  53  6:15  Twilight Council  
  53  6:30  Nexus  
  53  6:34  Pylon  
  53  6:39  Robotics Facility  
  53  6:55  Dark Shrine, Blink  
  53  6:57  Stalker x2  
  53  7:00  Sentry x4  
  65  7:20  Protoss Ground Weapons Level 1 (Chrono Boost)  
  65  7:24  Protoss Ground Armor Level 1 (Chrono Boost)  
  65  7:26  Warp Prism (Chrono Boost)  
  67  7:45  Stalker x6  
  67  7:46  Stalker  
  81  7:56  Observer  
  81  7:57  Probe x3  
  85  8:09  Probe x3  
  88  8:21  Probe  
  88  8:25  Dark Templar x4  
  97  8:44  Stalker x5  
  107  8:52  Probe x2  
  107  8:55  Probe  
  102  9:04  Probe x2  
  102  9:07  Probe, Pylon  
  102  9:09  Pylon  
  105  9:10  Dark Templar  
  105  9:11  Assimilator  
  105  9:12  Dark Templar, Assimilator  
  109  9:25  Probe x3  
  109  9:28  Dark Templar x2  
  116  9:37  Probe x3  
  119  9:53  Adept  
  119  9:54  Stalker x2  
  125  10:12  Nexus  
  125  10:13  Pylon  
  125  10:14  Pylon  
  125  10:15  Pylon  
  125  10:17  Pylon  
  125  10:19  Assimilator  
  125  10:21  Assimilator  
  125  10:25  Pylon  
  125  10:32  Templar Archives  
  125  10:43  Dark Templar  
  109  10:51  Adept x5, Immortal  
  109  10:52  Adept x3  
  96  11:12  Stalker  
  96  11:13  Stalker x6  
  99  11:25  Dark Templar  
Show
View Real Time Build Order
Export as new Build Order

zidar Zerg 

Build Orders: Pool First 

Get SALT Encoding   

  12  0:01  Drone  
  13  0:12  Overlord  
  13  0:18  Drone  
  14  0:31  Drone x2  
  14  0:34  Drone  
  17  0:47  Spawning Pool  
  17  0:49  Drone  
  17  1:31  Hatchery  
  16  1:36  Extractor  
  16  1:37  Queen  
  17  1:40  Zergling x4  
  17  1:41  Zergling x2  
  20  2:01  Evolution Chamber  
  19  2:10  Overlord  
  19  2:13  Queen, Zergling x2  
  22  2:42  Hatchery  
  21  2:48  Metabolic Boost  
  21  3:03  Drone x4  
  25  3:16  Drone x3  
  25  4:01  Roach Warren  
  24  4:03  Extractor  
  24  4:06  Queen  
  25  4:12  Drone  
  25  4:13  Drone x6  
  32  4:22  Zerg Melee Weapons Level 1  
  31  4:40  Overlord x2  
  31  4:41  Overlord, Queen  
  33  4:52  Drone x4  
  37  5:01  Roach x2  
  37  5:04  Roach  
  43  5:31  Extractor  
  43  5:32  Drone x9  
  43  5:33  Extractor  
  50  5:40  Overlord x2  
  50  5:46  Lair  
  50  5:49  Pneumatized Carapace  
  50  6:05  Drone  
  50  6:06  Drone x7  
  58  6:20  Extractor, Drone x6  
  58  6:22  Extractor  
  62  6:42  Evolution Chamber, Drone x2  
  63  6:48  Roach x5  
  63  6:51  Overlord x3  
  73  7:12  Roach  
  73  7:13  Roach x8  
  91  7:17  Ravager x7  
  98  7:25  Zerg Ground Armor Level 1  
  98  7:27  Zerg Melee Weapons Level 2  
  98  7:49  Hatchery  
  97  8:13  Drone  
  97  8:18  Overlord  
  97  8:19  Overlord x5  
  98  8:42  Overseer  
  93  9:10  Hatchery  
  89  9:53  Overseer  
  89  9:58  Zergling x2  
  89  9:59  Zergling x44  
  112  10:15  Spire  
  73  11:24  Zergling x2  
  73  11:25  Zergling x10  
Tags
 
League
Gold
Matchup
PvZ
Opening
Pool First
Spawn Locations
Cross Positions
Add a new tag
Caveats
  • Supply blocks, unpowered buildings, or Contaminate may cause inaccurate times.
  • Supply counts are checked every 10 seconds.